 Dungeon Crawl Stone Soup version 0.30-a0-341-g682706514a (webtiles) character file.

Game seed: 10103264353698138754

266970 Pooter the Executioner (level 19, -1/193 HPs)
             Began as a Minotaur Berserker on Oct 30, 2022.
             Was a High Priest of Trog.
             Shot with an arrow by a deep elf archer (16 damage)
             ... on level 2 of the Elven Halls on Nov 1, 2022.
             The game lasted 04:25:17 (51181 turns).

Pooter the Executioner (Minotaur Berserker)        Turns: 51181, Time: 04:25:17

Health: -1/193     AC: 22    Str: 26    XL:     19   Next: 34%
Magic:  6/6        EV: 10    Int:  6    God:    Trog [*****.]
Gold:   483        SH:  5    Dex: 16    Spells: 18/18 levels left

rFire   . . .      SeeInvis +    a - +3 executioner's axe (antimagic)
rCold   + + .      Faith    .    (shield currently unavailable)
rNeg    . . .      Spirit   .    j - +0 storm dragon scales
rPois   +          Reflect  +    (helmet restricted)
rElec   +          Harm     +    X - +2 cloak
rCorr   .          Rampage  .    n - +0 pair of gloves {hurl}
Will    +....                    l - +1 pair of boots "Neseofoe" {rC+ Dex+4}
Stlth   ..........               m - amulet of Neqaru {Reflect Harm rC+ SH+5}
HPRegen 0.52/turn                v - +4 ring of slaying
MPRegen 0.10/turn                S - ring of see invisible

@: on berserk cooldown, slowed, very slow
A: horns 2, retaliatory headbutt, poison resistance
}: 2/15 runes: serpentine, barnacled
a: Renounce Religion, Berserk, Trog's Hand, Brothers in Arms


You were on level 2 of the Elven Halls.
You worshipped Trog.
Trog was extremely pleased with you.
You visited 6 branches of the dungeon, and saw 32 of its levels.
You also visited: Ossuary, Bailey and Ice Cave.

You collected 4602 gold pieces.
You spent 4119 gold pieces at shops.

Inventory:

Hand Weapons
 a - a +3 antimagic executioner's axe (weapon)
   (Trog gifted it to you on level 1 of the Snake Pit)
 b - the +4 hand crossbow of the Endless Expanse {penet, rN+ Will+}
   (You bought it in a shop on level 4 of the Snake Pit)

   Any ammunition fired by it passes through the targets it hits, potentially
   hitting all targets in its path until it reaches maximum range.
   rN:        It protects you from negative energy.
   Will:      It increases your willpower.
 y - a +4 executioner's axe of flaming
   (Trog gifted it to you on level 1 of the Snake Pit)
 L - a +3 arbalest of flaming
   (You took it off an orc warrior on level 2 of the Orcish Mines)
Missiles
 k - 17 javelins
 r - 7 boomerangs of dispersal {!f}
 s - 48 boomerangs (quivered)
 T - 4 curare-tipped darts
 V - 3 silver boomerangs
 W - 13 silver javelins
Armour
 j - +0 storm dragon scales (worn)
   (You found it on level 4 of the Shoals)
 l - the +1 pair of boots "Neseofoe" (worn) {rC+ Dex+4}
   (You acquired it on level 9 of the Dungeon)

   Dex:       It affects your dexterity (+4).
   rC:        It protects you from cold.
 n - a +0 pair of gloves of hurling (worn)
   (You found it on level 11 of the Dungeon)
 A - a +3 plate armour
   (You took it off an orc warrior on level 4 of the Dungeon)
 H - a +1 pair of boots of flying
   (You found it in a bailey)
 X - a +2 cloak (worn)
   (You found it on level 10 of the Dungeon)
Jewellery
 m - the amulet of Neqaru (around neck) {Reflect Harm rC+ SH+5}
   (You bought it in a shop on level 1 of the Snake Pit)

   [amulet of reflection]

   It reflects blocked missile attacks.
   rC:        It protects you from cold.
   SH:        It affects your SH (+5).
   Harm:      It increases damage dealt and taken.
 p - a ring of willpower
   (You found it in an ice cave)
 v - a +4 ring of slaying (left hand)
   (You found it on level 3 of the Dungeon)
 C - a ring of resist corrosion
   (You found it in an ice cave)
 F - a ring of protection from fire
   (You found it on level 2 of the Snake Pit)
 G - a +6 ring of dexterity
   (You took it off a merfolk aquamancer on level 4 of the Shoals)
 M - a +4 ring of slaying
   (You bought it in a shop on level 2 of the Orcish Mines)
 N - a ring of positive energy
   (You found it on level 5 of the Lair of Beasts)
 S - a ring of see invisible (right hand)
   (You bought it in a shop on level 2 of the Orcish Mines)
Wands
 f - a wand of flame (42)
   (You took it off Blork the orc on level 5 of the Dungeon)
 q - a wand of polymorph (10)
   (You found it on level 9 of the Dungeon)
 x - a wand of light (3)
   (You found it on level 4 of the Dungeon)
 B - a wand of mindburst (8)
   (You found it on level 8 of the Dungeon)
 D - a wand of digging (21)
   (You took it off Duvessa on level 5 of the Dungeon)
 J - a wand of roots (16)
   (You found it on level 12 of the Dungeon)
Scrolls
 g - 4 scrolls of immolation {!r}
 i - 6 scrolls of identify {@r1}
 o - 2 scrolls of silence
 t - 8 scrolls of teleportation {@r4}
 w - 4 scrolls of poison {!r}
 E - 4 scrolls of butterflies
 I - a scroll of magic mapping
 K - 6 scrolls of fear
 R - 2 scrolls of summoning
 U - 2 scrolls of blinking
 Z - 7 scrolls of noise {!r}
Potions
 c - 6 potions of attraction {!q}
 d - 6 potions of haste {@q3}
 e - 5 potions of cancellation
 h - 11 potions of curing {@q1}
 u - 2 potions of might
 z - a potion of resistance
 O - 5 potions of lignification {!q}
 P - 10 potions of heal wounds {@q2}
 Y - a potion of mutation {!q}
Miscellaneous
 Q - a tin of tremorstones (inert)
   (You found it on level 15 of the Dungeon)


   Skills:
 + Level 22.3 Fighting
 - Level 24.0 Axes
 + Level 18.2 Ranged Weapons
 + Level 7.9 Throwing
 - Level 11.2 Armour
 + Level 3.7 Dodging
 + Level 2.2 Stealth
 + Level 9.3 Evocations


You had 18 spell levels left.
You didn't know any spells.
Your spell library was empty.

Dungeon Overview and Level Annotations

Branches:
Dungeon (15/15)            Temple (0/1) D:4            Lair (5/5) D:10
 Shoals (4/4) Lair:2        Snake (4/4) Lair:2        Slime (0/5) Lair:4
    Orc (2/2) D:9             Elf (2/3) Orc:2        Vaults (0/5) D:14
 Depths (0/4) D:15        Ossuary (visited)          Bailey (visited)
  IceCv (visited)

Altars:
Ashenzari
Cheibriados
Elyvilon
Fedhas
Gozag
Hepliaklqana
Kikubaaqudgha
Makhleb
Okawaru
Qazlal
Ru
Sif Muna
Trog
Uskayaw
Zin
The Shining One
Jiyva

Shops:
D:1 (   Orc:2 =?(((   Elf:2 *   Shoals:2 (   Snake:1 :=:   Snake:2 ?
Snake:4 (!

Portals:
Hell: Lair:5
Trove: D:14 (give obsidian axe)

Annotations:
Snake:1 2 transporters
Elf:2 1 runed translucent door, Sorrimu's ghost, adept DsDe


Innate Abilities, Weirdness & Mutations

You have a pair of horns on your head.
You reflexively headbutt those who attack you in melee.
Your system is resistant to poisons. (rPois)


Message History

The deep elf archer gestures wildly while chanting.
The deep elf archer blinks!
The deep elf knight shoots an arrow.
The arrow hits you!
* * * LOW HITPOINT WARNING * * *
You see here a +0 short sword.
You closely miss the deep elf knight. You slice the fire elemental!!
You destroy the fire elemental!
The fire elemental disappears in a puff of smoke!
You slash the deep elf knight!
The deep elf knight's magic leaks into the air.
Your headbutt misses the deep elf knight.
Your skin stops crawling.
You feel less strong-willed.
The deep elf knight casts a spell.
The deep elf knight seems to speed up.
The deep elf archer unwields a +0 short sword.
The deep elf archer wields a +0 shortbow.
The deep elf archer shoots an arrow.
The arrow closely misses you.
The deep elf knight shoots an arrow.
The arrow barely misses you.
Unknown command.
You chop the deep elf knight into pieces!!!
You kill the deep elf knight!
Trog accepts your kill.
Trog appreciates your killing of a magic user.
You completely miss the deep elf pyromancer.
You slice the deep elf pyromancer!!
You kill the deep elf pyromancer!
Trog accepts your kill.
Trog appreciates your killing of a magic user.
The deep elf archer unwields a +0 short sword.
The deep elf archer wields a +0 longbow.
The deep elf archer shoots an arrow.
The arrow hits you!
* * * LOW HITPOINT WARNING * * *
A deep elf pyromancer comes into view. It is wielding a +0 long sword.
The deep elf knight gestures at you while chanting.
The shard of ice misses you.
You feel a strong urge to attack something.
The deep elf archer shoots an arrow.
The arrow closely misses you.
The deep elf knight shoots an arrow.
The arrow hits you but does no damage.
You are no longer berserk.
You are exhausted.
You feel yourself slow down.
The deep elf archer unwields a +1 dagger of venom.
It stops dripping with poison.
The deep elf archer wields a +0 shortbow.
The deep elf archer shoots an arrow.
You reflect the arrow off an invisible shield around you!
The arrow misses the deep elf archer.
The deep elf archer shoots an arrow.
The arrow closely misses you.
The deep elf archer shoots an arrow.
The arrow hits you!
You die...

.........##
#....e..>e..#
#....e......#
#.....)ee...#
#..........)#####
#.......).).'...+
#.......)))##
#.......##.##
'#...@.####.##
###+###
##.####+####
##.##.....#
##'.......
##........
#.........
#.>.......
#.........
+.........


You could see 3 deep elf archers, a deep elf knight and a deep elf pyromancer.

Vanquished Creatures
  Vashnia (Snake:3)
  Nikola (Shoals:4)
  Rupert (Lair:4)
  Jorgrun (Snake:1)
  2 krakens
  Agnes (D:13)
  Ilsuiw (Shoals:2)
  A storm dragon (Shoals:4)
  Kirke (D:14)
  Roxanne (D:14)
  A nagaraja (Snake:4)
  Aizul (Snake:1)
  The ghost of sirJeffrey23 the Bludgeoner, a journeyman FoFi of Okawaru (D:15)
  A quicksilver ooze (Shoals:4)
  Azrael (Snake:1)
  An ettin (Orc:1)
  2 deep elf death magi
  2 merfolk javelineers (Shoals:4)
  6 merfolk impalers
  2 deep elf high priests
  An ice dragon (IceCv)
  A rakshasa (D:15)
  Erolcha (Orc:1)
  4 salamander tyrants (Snake:4)
  7 centaur warriors
  5 hydras
  4 merfolk avatars
  15 two-headed ogres
  15 anacondas
  5 merfolk aquamancers (Shoals:4)
  7 ogre magi
  8 dancing weapons
  17 naga warriors
  6 boulder beetles
  3 satyrs
  17 death yaks
  An orc high priest (Orc:2)
  4 shock serpents
  9 deep elf knights
  18 naga sharpshooters
  Nergalle (Lair:2)
  Amaemon (D:8)
  2 salamander mystics (Snake:4)
  A sixfirhy (Lair:5)
  7 sea snakes
  10 naga ritualists
  A glowing orange brain (D:15)
  A wizard (Lair:5)
  9 deep elf archers
  Pikel (D:9)
  23 deep elf pyromancers
  15 deep elf zephyrmancers
  A harpy (shapeshifter) (D:13)
  7 ugly things
  12 harpies (Shoals:2)
  16 salamanders
  15 fauns
  15 mana vipers
  17 cyclopes
  18 manticores
  6 elephants (Lair:5)
  17 naga magi
  2 ice statues (IceCv)
  7 merfolk sirens
  3 torpor snails
  8 water nymphs
  37 black mambas
  14 guardian serpents
  2 orange demons
  12 cane toads
  An efreet (D:12)
  An unseen horror (D:12)
  A yaktaur (D:14)
  9 rime drakes
  18 komodo dragons
  A hellwing (Lair:5)
  2 guardian mummies (D:14)
  2 tengu conjurers (D:14)
  An ice devil (Lair:5)
  4 red devils (Lair:5)
  A polar bear (Lair:4)
  5 trolls
  26 merfolk
  13 wind drakes
  Prince Ribbit (D:6)
  16 blink frogs
  14 slime creatures
  11 dream sheep
  7 snapping turtles
  20 water elementals
  A shadow (D:10)
  7 air elementals
  8 wyverns
  Eustachio (D:4)
  61 yaks
  2 vampires
  7 wraiths
  3 fire elementals
  4 basilisks
  6 hogs (D:14)
  10 vampire mosquitoes
  50 nagas
  A steam dragon (D:10)
  Edmund (D:5)
  4 wargs
  An acid dragon (D:11)
  Duvessa (D:5)
  14 water moccasins
  8 hell hounds
  16 orc warriors
  2 ice beasts
  2 black bears
  3 wolves (Lair:1)
  A sky beast (D:6)
  9 centaurs
  31 ogres
  5 kobold brigands
  Blork the orc (D:5)
  17 bullfrogs
  An earth elemental (Elf:1)
  2 gnoll sergeants
  9 scorpions
  13 wights
  Dowan (D:5)
  3 lindwurm simulacra (IceCv)
  8 howler monkeys
  A human zombie (Ossuary)
  7 hounds
  2 jellies (Lair:4)
  5 komodo dragon simulacra (IceCv)
  A gnoll bouda (D:7)
  8 orc priests
  Natasha (thrice) (D:2)
  11 orc wizards
  6 scorpion zombies (Ossuary)
  3 mummies (Ossuary)
  11 adders
  21 gnolls
  6 acid dragon simulacra (IceCv)
  An adder (shapeshifter) (D:15)
  A white imp (D:5)
  An ufetubus (D:5)
  7 steam dragon simulacra (IceCv)
  2 worms
  2 dart slugs
  44 orcs
  5 ball pythons
  5 bats
  5 endoplasms
  3 giant cockroaches
  12 goblins
  7 hobgoblins
  4 jackals (D:1)
  5 quokkas
  A frilled lizard (D:3)
  3 goblin zombies (Ossuary)
  2 hobgoblin zombies (Ossuary)
  25 kobolds
  2 kobold zombies (Ossuary)
  3 orc zombies (Ossuary)
  9 rats
  5 bushes (Lair:3)
  4 tentacles
1169 creatures vanquished.

Vanquished Creatures (collateral kills)
  5 two-headed ogres
  A naga ritualist (Snake:1)
  A mana viper (Snake:1)
  A black mamba (Snake:1)
  2 slime creatures (D:15)
  A basilisk (D:15)
  An orc warrior (Bailey)
  4 ogres (Orc:2)
  2 centaurs (D:15)
  A wight (D:7)
  An orc (Bailey)
  A goblin (Bailey)
  A hobgoblin (Bailey)
  11 kobolds
33 creatures vanquished.

Vanquished Creatures (others)
  A centaur warrior (D:13)
  3 two-headed ogres (Orc:2)
  A shock serpent (Snake:1)
  A deep elf knight (Elf:2)
  An elephant (Lair:5)
  A cane toad (Lair:5)
  2 rime drakes
  A merfolk (Shoals:4)
  A yak (Lair:5)
  A basilisk (Lair:5)
  A naga (Snake:1)
  2 orc warriors (Bailey)
  A centaur (D:13)
  A wight (D:7)
  An orc wizard (D:10)
  An orc (Orc:2)
  11 bushes (Lair:3)
  51 fungi
  164 plants
  8 tentacles
254 creatures vanquished.

Grand Total: 1456 creatures vanquished

Notes
Turn   | Place    | Note
-------+----------+-------------------------------------------
     0 | D:1      | Pooter the Minotaur Berserker began the quest for the Orb.
     0 | D:1      | Reached XP level 1. HP: 19/19 MP: 0/0
   169 | D:1      | Found Huenlemp's Weapon Emporium.
   279 | D:1      | Reached XP level 2. HP: 26/27 MP: 1/1
   508 | D:1      | Reached skill level 4 in Axes
   803 | D:1      | Reached ** piety under Trog
   804 | D:1      | Reached XP level 3. HP: 34/34 MP: 2/2
   859 | D:2      | Reached skill level 5 in Fighting
   926 | D:2      | Noticed Natasha
   934 | D:2      | Killed Natasha
   935 | D:2      | Reached XP level 4. HP: 42/42 MP: 3/3
  1196 | D:2      | Noticed Natasha
  1207 | D:2      | Killed Natasha
  1280 | D:2      | Noticed Natasha
  1286 | D:2      | Killed Natasha
  1287 | D:2      | Reached skill level 5 in Axes
  1287 | D:2      | Reached XP level 5. HP: 30/50 MP: 4/4
  1715 | D:3      | Found a stormy altar of Qazlal.
  1786 | D:3      | Found a broken altar of Ashenzari.
  1790 | D:3      | Reached *** piety under Trog
  2363 | D:4      | Noticed an orc warrior
  2369 | D:4      | Killed an orc warrior
  2370 | D:4      | Reached XP level 6. HP: 60/60 MP: 5/5
  2534 | D:4      | Found a staircase to the Ecumenical Temple.
  2625 | D:4      | Reached skill level 6 in Axes
  2727 | D:4      | Noticed Eustachio
  2732 | D:4      | Killed Eustachio
  2733 | D:4      | Reached XP level 7. HP: 69/69 MP: 6/6
  2772 | D:5      | Entered Level 5 of the Dungeon
  2781 | D:5      | Reached skill level 7 in Axes
  2929 | D:5      | Reached XP level 8. HP: 79/79 MP: 7/7
  2969 | D:5      | Reached skill level 10 in Fighting
  2997 | D:5      | Found a hazy altar of Hepliaklqana.
  3004 | D:5      | Found a blossoming altar of Fedhas.
  3005 | D:5      | Found a sacrificial altar of Ru.
  3007 | D:5      | Noticed Edmund
  3015 | D:5      | Killed Edmund
  3016 | D:5      | Reached skill level 8 in Axes
  3068 | D:5      | Noticed Blork the orc
  3077 | D:5      | Killed Blork the orc
  3128 | D:5      | Found a sand-covered staircase.
  3129 | D:5      | Noticed Duvessa
  3129 | D:5      | Noticed Dowan
  3133 | D:5      | Killed Duvessa
  3136 | D:5      | Killed Dowan
  3141 | Ossuary  | Entered an ossuary
  3232 | Ossuary  | Reached XP level 9. HP: 86/90 MP: 8/8
  3299 | Ossuary  | Reached skill level 9 in Axes
  3315 | Ossuary  | Reached **** piety under Trog
  3566 | D:5      | Found a burning altar of Makhleb.
  3959 | D:6      | Found an opulent altar of Gozag.
  4116 | D:6      | Noticed Prince Ribbit
  4125 | D:6      | Killed Prince Ribbit
  4126 | D:6      | Reached skill level 10 in Axes
  4615 | D:7      | Found an ancient bone altar of Kikubaaqudgha.
  4616 | D:7      | Found an iron altar of Okawaru.
  4925 | D:7      | Identified the +3 mace "Bovonuw" {venom, Drain rN++ rCorr}
  5024 | D:8      | Noticed an orange demon
  5067 | D:8      | Reached XP level 10. HP: 103/103 MP: 9/9
  5203 | D:8      | Reached skill level 1 in Evocations
  5210 | D:8      | Noticed Amaemon
  5218 | D:8      | Killed Amaemon
  5219 | D:8      | Reached skill level 11 in Axes
  5221 | D:8      | Killed an orange demon
  5222 | D:8      | Reached skill level 15 in Fighting
  5433 | D:8      | Found a flagged portal.
  5442 | Bailey   | Entered a bailey
  5443 | Bailey   | Upgraded the game from 0.30-a0-331-g8ab09dc110 to
                  | 0.30-a0-335-ge5acde7520
  5540 | Bailey   | Reached ***** piety under Trog
  6023 | D:8      | Identified the +0 short sword "Iskufub" {drain, Fly rElec
                  | rC- Int+5}
  6299 | D:1      | Bought a +4 vorpal battleaxe for 412 gold pieces
  6570 | D:8      | Found a snail-covered altar of Cheibriados.
  6652 | D:9      | Identified a scroll of acquirement
  6652 | D:9      | Acquired the +1 pair of boots "Neseofoe" {rC+ Dex+4}
  6710 | D:9      | Found a staircase to the Orcish Mines.
  6727 | Orc:1    | Entered Level 1 of the Orcish Mines
  6783 | Orc:1    | Found a frozen archway.
  6790 | IceCv    | Entered an ice cave
  6854 | IceCv    | Received a gift from Trog
  6943 | IceCv    | Noticed an ice statue
  6954 | IceCv    | Reached XP level 11. HP: 73/114 MP: 10/10
  7033 | IceCv    | Reached skill level 12 in Axes
  7092 | IceCv    | Noticed an ice dragon
  7108 | IceCv    | Killed an ice dragon
  7378 | Orc:1    | Noticed Erolcha
  7386 | Orc:1    | Killed Erolcha
  7639 | Orc:2    | Entered Level 2 of the Orcish Mines
  7639 | Orc:2    | Noticed an ettin
  7648 | Orc:1    | Killed an ettin
  7745 | Orc:2    | Reached skill level 5 in Evocations
  7786 | Orc:2    | Noticed a two-headed ogre
  7795 | Orc:2    | Killed a two-headed ogre
  7893 | Orc:2    | Reached skill level 1 in Ranged Weapons
  7934 | Orc:2    | Found Evuzug Mitank's Jewellery Emporium.
  7942 | Orc:2    | Bought a +4 ring of slaying for 1170 gold pieces
  7942 | Orc:2    | Bought a ring of see invisible for 225 gold pieces
  7955 | Orc:2    | Noticed an orc high priest
  8014 | Orc:2    | Killed an orc high priest
  8015 | Orc:2    | Reached skill level 13 in Axes
  8046 | Orc:2    | Found a staircase to the Elven Halls.
  8274 | Orc:2    | Noticed an ogre mage
  8280 | Orc:2    | Paralysed by an ogre mage for 3 turns
  8283 | Orc:2    | Killed an ogre mage
  8323 | Orc:2    | Noticed a two-headed ogre
  8330 | Orc:2    | Killed a two-headed ogre
  8334 | Orc:2    | Noticed an ogre mage
  8335 | Orc:2    | Paralysed by an ogre mage for 5 turns
  8346 | Orc:2    | Killed an ogre mage
  8347 | Orc:2    | Reached XP level 12. HP: 83/125 MP: 7/11
  8350 | Orc:2    | Noticed an ogre mage
  8358 | Orc:2    | Killed an ogre mage
  8359 | Orc:2    | Reached skill level 5 in Ranged Weapons
  8359 | Orc:2    | Noticed a two-headed ogre
  8365 | Orc:2    | Killed a two-headed ogre
  8420 | Orc:2    | Noticed a two-headed ogre
  8423 | Orc:2    | Noticed a two-headed ogre
  8442 | Orc:2    | Reached skill level 14 in Axes
  8460 | Orc:2    | Noticed a two-headed ogre
  8468 | Orc:2    | Killed a two-headed ogre
  8710 | Orc:2    | Killed a two-headed ogre
  8713 | Orc:2    | Found Omeot's Antique Weapon Boutique.
  8713 | Orc:2    | Found Pof Sev's Antique Weapon Emporium.
  8714 | Orc:2    | Found Waraifuv's Magic Scroll Shoppe.
  8714 | Orc:2    | Found Vuv Zem's Antique Weapon Boutique.
  8717 | Orc:2    | Noticed a two-headed ogre
  8717 | Orc:2    | Noticed a two-headed ogre
  8719 | Orc:2    | Noticed a two-headed ogre
  8721 | Orc:2    | Noticed a two-headed ogre
  8721 | Orc:2    | Noticed a two-headed ogre
  8722 | Orc:2    | Killed a two-headed ogre
  8723 | Orc:2    | Noticed a two-headed ogre
  8729 | Orc:2    | Killed a two-headed ogre
  8733 | Orc:2    | Killed a two-headed ogre
  8745 | Orc:2    | Bought a scroll of identify for 30 gold pieces
  8745 | Orc:2    | Bought a scroll of identify for 30 gold pieces
  8745 | Orc:2    | Bought a scroll of magic mapping for 112 gold pieces
  8745 | Orc:2    | Bought a scroll of identify for 30 gold pieces
  8755 | Orc:2    | Noticed an ogre mage
  8767 | Orc:2    | Killed an ogre mage
  9097 | D:9      | Noticed Pikel
  9102 | D:9      | Killed Pikel
  9634 | D:9      | Reached skill level 15 in Axes
  9715 | D:9      | Noticed a two-headed ogre
  9721 | D:9      | Killed a two-headed ogre
 10040 | D:10     | Entered Level 10 of the Dungeon
 10052 | D:10     | Found a hide-covered altar of Uskayaw.
 10243 | D:10     | Found a staircase to the Lair.
 10438 | D:10     | Noticed a two-headed ogre
 10445 | D:10     | Killed a two-headed ogre
 10504 | D:10     | Found a glowing golden altar of the Shining One.
 10626 | Orc:2    | Bought a scroll of blinking for 112 gold pieces
 11053 | Lair:1   | Entered Level 1 of the Lair of Beasts
 11588 | Lair:1   | Reached XP level 13. HP: 134/134 MP: 10/12
 12100 | Lair:2   | Reached skill level 1 in Throwing
 12160 | Lair:2   | Noticed Nergalle
 12168 | Lair:2   | Killed Nergalle
 13206 | Lair:2   | Reached skill level 16 in Axes
 14356 | Lair:1   | Reached skill level 10 in Ranged Weapons
 14982 | Lair:2   | Found a staircase to the Snake Pit.
 15101 | Lair:2   | Found a staircase to the Shoals.
 15970 | Lair:3   | Identified the +9 sling "Qymowial" {elec, rElec Str+6
                  | Int-2}
 16002 | Lair:3   | Reached skill level 17 in Axes
 16425 | Lair:4   | Reached XP level 14. HP: 136/144 MP: 11/13
 16561 | Lair:4   | Noticed Rupert
 16571 | Lair:4   | Killed Rupert
 16684 | Lair:4   | Received a gift from Trog
 16824 | Lair:4   | Found a viscous altar of Jiyva.
 16829 | Lair:4   | Found a staircase to the Slime Pits.
 17241 | Lair:5   | Entered Level 5 of the Lair of Beasts
 17597 | Lair:5   | Found a burning altar of Makhleb.
 18004 | Lair:5   | Found a gateway to Hell.
 18260 | Lair:5   | Reached skill level 18 in Axes
 18367 | Lair:5   | Reached skill level 5 in Armour
 19287 | Lair:5   | Reached XP level 15. HP: 133/152 MP: 12/14
 20778 | D:13     | Reached skill level 19 in Axes
 21144 | D:13     | You fall into a shaft and drop 2 floors!
 21144 | D:15     | Entered Level 15 of the Dungeon
 21808 | D:13     | Identified the +1 chain mail of Wyukang {Contam rN+++ Will+
                  | Slay+2}
 22398 | D:14     | Noticed Agnes
 22406 | D:13     | Killed Agnes
 22656 | D:14     | Found a gate to the Vaults.
 22795 | D:14     | Noticed Kirke
 22805 | D:14     | Killed Kirke
 22995 | D:14     | Identified Roxanne's Reference Book on Transmogrification
 22995 | D:14     | Noticed Roxanne
 23014 | D:14     | Killed Roxanne
 23287 | D:14     | Found a portal to a secret trove of treasure.
 23420 | D:14     | Found a glowing silver altar of Zin.
 23420 | D:14     | Found a white marble altar of Elyvilon.
 23420 | D:14     | Found a glowing golden altar of the Shining One.
 23998 | D:15     | Received a gift from Trog
 24161 | D:15     | Found a staircase to the Depths.
 24222 | D:15     | Found a runed translucent door.
 24226 | D:15     | Noticed sirJeffrey23's ghost (journeyman FoFi)
 24241 | D:15     | Killed sirJeffrey23's ghost
 24547 | D:15     | Reached XP level 16. HP: 155/162 MP: 13/15
 25026 | Shoals:1 | Entered Level 1 of the Shoals
 25710 | Shoals:1 | Reached skill level 20 in Axes
 25876 | Shoals:1 | Reached skill level 15 in Ranged Weapons
 26007 | Shoals:1 | Noticed a kraken
 26219 | Shoals:1 | Killed a kraken
 27498 | Orc:2    | Bought an amulet of reflection for 450 gold pieces
 27816 | Shoals:2 | Found Tiprat's Antique Weapon Boutique.
 27938 | Shoals:2 | Noticed Ilsuiw
 27971 | Shoals:2 | Killed Ilsuiw
 29111 | Shoals:2 | Noticed a kraken
 29117 | Shoals:2 | Killed a kraken
 31982 | Shoals:4 | Entered Level 4 of the Shoals
 31984 | Shoals:4 | Upgraded the game from 0.30-a0-335-ge5acde7520 to
                  | 0.30-a0-339-g89bb51ec76
 32072 | Shoals:4 | Reached skill level 21 in Axes
 32079 | Shoals:4 | Reached XP level 17. HP: 31/167 MP: 16/16
 32798 | Shoals:4 | Paralysed by an air elemental for 1 turns
 32801 | Shoals:4 | Paralysed by an air elemental for 1 turns
 32809 | Shoals:4 | Paralysed by an air elemental for 1 turns
 33029 | Shoals:4 | Paralysed by an air elemental for 1 turns
 33176 | Shoals:4 | Reached skill level 10 in Armour
 33554 | Shoals:4 | Noticed Nikola
 33560 | Shoals:4 | Killed Nikola
 33578 | Shoals:4 | Got a barnacled rune of Zot
 34291 | Snake:1  | Entered Level 1 of the Snake Pit
 34291 | Snake:1  | Found a transporter.
 34292 | Snake:1  | Found the +7 mace of Variability {chain chaos}
 34530 | Lair:2   | Gained mutation: You expend magic power (3 MP) to
                  | strengthen your wands. [potion of mutation]
 34530 | Lair:2   | Gained mutation: You have large cloven feet. [potion of
                  | mutation]
 34530 | Lair:2   | Gained mutation: Your mind is acute. (Int +4, Str/Dex -1)
                  | [potion of mutation]
 34531 | Lair:2   | Lost mutation: Your mind is acute. (Int +4, Str/Dex -1)
                  | [potion of mutation]
 34531 | Lair:2   | Lost mutation: You have large cloven feet. [potion of
                  | mutation]
 34531 | Lair:2   | Lost mutation: You expend magic power (3 MP) to strengthen
                  | your wands. [potion of mutation]
 34531 | Lair:2   | Gained mutation: You have a pair of large horns on your
                  | head. [potion of mutation]
 34532 | Lair:2   | Lost mutation: You have a pair of large horns on your head.
                  | [potion of mutation]
 34532 | Lair:2   | Gained mutation: You occasionally lose the ability to read
                  | scrolls when taking damage. [potion of mutation]
 34532 | Lair:2   | Gained mutation: You sometimes lose your temper in combat.
                  | [potion of mutation]
 34532 | Lair:2   | Gained mutation: You are dopey. (Int -2) [potion of
                  | mutation]
 34696 | D:5      | Lost mutation: You sometimes lose your temper in combat.
                  | [potion of mutation]
 34696 | D:5      | Lost mutation: You are dopey. (Int -2) [potion of mutation]
 34696 | D:5      | Lost mutation: You occasionally lose the ability to read
                  | scrolls when taking damage. [potion of mutation]
 34696 | D:5      | Gained mutation: Your system is resistant to poisons.
                  | (rPois) [potion of mutation]
 34995 | Snake:1  | Found a transporter.
 35009 | Snake:1  | Received a gift from Trog
 35348 | Snake:1  | Found a bloodstained altar of Trog.
 35351 | Snake:1  | Noticed Jorgrun
 35361 | Snake:1  | Killed Jorgrun
 35366 | Snake:1  | Noticed Azrael
 35935 | Snake:1  | Killed Azrael
 36435 | Snake:1  | Noticed Aizul
 36441 | Snake:1  | Killed Aizul
 36712 | Snake:1  | Reached skill level 22 in Axes
 36984 | Snake:1  | Found Jageb's Jewellery Boutique.
 36985 | Snake:1  | Found Xioskujodo's Book Shoppe.
 36985 | Snake:1  | Found Iwun's Book Shoppe.
 36987 | Snake:1  | Received a gift from Trog
 37765 | Snake:2  | Reached XP level 18. HP: 155/182 MP: 17/17
 39118 | Snake:1  | Bought the amulet of Neqaru {Reflect Harm rC+ SH+5} for 704
                  | gold pieces
 39293 | Snake:2  | Found a white marble altar of Elyvilon.
 39501 | Snake:2  | Found Saludey's Magic Scroll Shoppe.
 39930 | Snake:3  | Acquired 663 gold pieces
 39941 | Snake:3  | Noticed Vashnia
 39967 | Snake:3  | HP: 9/182 [Vashnia/arrow (25)]
 39968 | Snake:3  | Killed Vashnia
 40352 | Snake:3  | Reached skill level 5 in Throwing
 40449 | Snake:3  | Identified the +5 war axe "Leonojec" {vorpal, Will+} (Trog
                  | gifted it to you on level 3 of the Snake Pit)
 40449 | Snake:3  | Received a gift from Trog
 41200 | Snake:2  | Bought a scroll of enchant weapon for 127 gold pieces
 41227 | Snake:4  | Entered Level 4 of the Snake Pit
 42761 | Snake:4  | Found Wesihecu's Antique Weapon Boutique.
 42766 | Snake:4  | Found Biplaiv's Distillery.
 42773 | Snake:4  | Bought a potion of heal wounds for 80 gold pieces
 42773 | Snake:4  | Bought a potion of might for 64 gold pieces
 42773 | Snake:4  | Bought a potion of curing for 48 gold pieces
 42773 | Snake:4  | Bought a potion of mutation for 128 gold pieces
 42773 | Snake:4  | Bought a potion of curing for 48 gold pieces
 42773 | Snake:4  | Bought a potion of cancellation for 128 gold pieces
 42777 | Snake:4  | Bought a polished hand crossbow for 221 gold pieces
 42777 | Snake:4  | Identified the +4 hand crossbow of the Endless Expanse
                  | {penet, rN+ Will+} (You bought it in a shop on level 4 of
                  | the Snake Pit)
 42915 | Snake:4  | Reached skill level 23 in Axes
 43712 | Snake:4  | Received a gift from Trog
 48067 | Snake:4  | Got a serpentine rune of Zot
 48249 | Snake:4  | Identified the +3 ring mail of Inviolability {rPois Will+}
 48737 | Elf:1    | Entered Level 1 of the Elven Halls
 48921 | Elf:1    | Upgraded the game from 0.30-a0-339-g89bb51ec76 to
                  | 0.30-a0-341-g682706514a
 49221 | Elf:1    | Reached XP level 19. HP: 175/191 MP: 18/18
 49465 | Elf:1    | Received a gift from Trog
 49473 | Elf:1    | Reached ****** piety under Trog
 49652 | Elf:1    | Reached skill level 1 in Stealth
 50296 | Elf:2    | Found Xyixulug's Neck Hole.
 50331 | Elf:2    | Found a shimmering blue altar of Sif Muna.
 50508 | Elf:2    | Paralysed by an air elemental for 1 turns
 50547 | Elf:2    | Found a runed translucent door.
 50548 | Elf:2    | Noticed Sorrimu's ghost (adept DsDe)
 50764 | Elf:2    | Reached skill level 24 in Axes
 50768 | Elf:2    | Received a gift from Trog
 51154 | Elf:2    | Paralysed by an air elemental for 1 turns
 51181 | Elf:2    | Shot with an arrow by a deep elf archer

Illustrated notes

Levels and vault maps discovered:
D:1:      arrival_zaba_pyramid, layout_basic, serial_shops, shop_fountains
D:2:      layout_rooms, uniq_natasha
D:3:      layout_loops_ring, nicolae_ashenzari_skybound,
          mainiacjoe_overflow_chevrons
D:4:      layout_gridville, minmay_temple_entry_drinking_statues,
          guppyfry_early_orc_mine, uniq_eustachio
D:5:      cheibrodos_thug_alley, layout_basic, makhleb_heckhound_becter,
          lemuel_tele_altar, gammafunk_temple_overflow_statue,
          nicolae_ossuary_entry_ruins, uniq_duvessa, uniq_edmund,
          uniq_blork_the_orc
D:6:      layout_cave_pools, mainiacjoe_overflow_tiny_flanked,
          uniq_prince_ribbit1
D:7:      layout_cave_pools, lemuel_round_altar, okawaru_ov_weapons_minmay
D:8:      layout_gridville, slow_altar_1, lightli_bailey_entry_fortress,
          blue_anna_alchemist, uniq_amaemon
D:9:      layout_loops_corners, orc_0_dummy, uniq_pikel
D:10:     layout_loops_cross, eat_drink_and_be_merry_uskayaw, tso_metal_star,
          erik_lair_orcish_takeover, hangedman_decor_clover_reticule
D:11:     layout_cave_pools
D:12:     layout_roguey
D:13:     layout_cave_pools
D:14:     layout_stronghold, david_vaults_2, nicolae_trove_entry_path_of_doom,
          good_gods_mini_temple, uniq_roxanne, uniq_kirke, uniq_agnes
D:15:     gammafunk_enter_depths_forms, layout_small_grid,
          ebering_ghost_reflecting_pool, kennysheep_pointless_box
Lair:1:   layout_cave_pods, lemuel_fruit_fields
Lair:2:   wander_river, layout_chaotic_city, elwin_shoals_entry_rocks,
          guppyfry_snake_entry_garden, serial_rivers,
          chequers_serial_rivers_micro_e, chequers_serial_rivers_small_3,
          chequers_serial_rivers_marsh, chequers_serial_rivers_micro_a,
          beast_lair_carwin_7, uniq_nergalle
Lair:3:   layout_cave_pods, minmay_hedge_maze, serial_bayou_shore_a,
          infiniplex_staircase_pool, grunt_megastairs_1
Lair:4:   layout_loops_ring, minmay_slime_entry_pillars, lemuel_fruit_tree,
          uniq_rupert
Lair:5:   evil_forest, layout_cave_shapes, dreamdust_mushroom_princess,
          wad_woods_road_05
Shoals:1: layout_shoals
Shoals:2: layout_shoals, serial_shops, shop_statue, uniq_ilsuiw
Shoals:3: layout_shoals, st_cyclops
Shoals:4: shoals_end_hellmonk_storm_palace [storm_palace_center_ruins,
          storm_palace_corner_reverse_hut, storm_palace_corner_grid,
          storm_palace_corner_blocked, storm_palace_corner_grid], uniq_nikola
Snake:1:  gammafunk_the_bubble [the_bubble_gammafunk_crates],
          layout_misc_corridors, basic_altar, nicolae_snake_gridmaze_swirls,
          grunt_megastairs_2, minmay_shop_grove, uniq_jorgrun, uniq_aizul,
          uniq_azrael
Snake:2:  layout_misc_corridors, serial_shops, nicolae_take_the_stairs,
          basic_altar, grunt_ministairs_13, serial_bayou_pond_e,
          grunt_megastairs_3
Snake:3:  layout_rooms, serial_bayou_pond_d, nrook_guardian_serpent_ordinary,
          uniq_vashnia
Snake:4:  johnstein_snake_rune_scales, layout_cave_town,
          hangedman_snake_thin_pillar_pass, serial_bayou_pond_e,
          minmay_shop_star
Orc:1:    layout_diamond_mine, portal_ice_cave_rime, uniq_erolcha
Orc:2:    st_orc_ogre_mass, layout_caves, serial_shops, shop_statue
Elf:1:    nicolae_elf_arrival_fired_up, layout_gridlike,
          kennysheep_underground_church, lemuel_upstairs_altar
Elf:2:    elven_hall_of_blades_hangedman_original
          [nicolae_blade_entry_diamond_columns], layout_geoelf_octagon,
          ebering_ghost_inner_flame, basic_altar, eino_tiny_chamber,
          nicolae_shop_sticking_my_neck_out

Skill      XL: |  1  2  3  4  5  6  7  8  9 10 11 12 13 14 15 16 17 18 19 |
---------------+----------------------------------------------------------+-----
Fighting       | 4 5 6 7 8 9 11 14 16 17 18 19 20 21 22 | 22.3
Axes           | 4 5 6 7 8 10 11 13 15 17 18 19 21 22 23 24 | 24.0
Evocations     | 3 5 6 7 8 9 |  9.3
Ranged Weapons | 4 8 11 13 14 16 17 18 | 18.2
Throwing       | 4 7 |  7.9
Armour         | 5 7 9 11 | 11.2
Stealth        | 2 |  2.2
Dodging        | 3 |  3.7

Action                   |  1- 3 |  4- 6 |  7- 9 | 10-12 | 13-15 | 16-18 | 19-21 || total
-------------------------+-------+-------+-------+-------+-------+-------+-------++-------
Melee: Hand axe          |    68 |    88 |       |       |       |       |       ||   156
       Headbutt          |     7 |    17 |    46 |    47 |   166 |   154 |     6 ||   443
       Punch             |     2 |       |     1 |       |       |       |       ||     3
       War axe           |       |    16 |   175 |    46 |       |       |       ||   237
       Battleaxe         |       |       |       |   189 |   168 |       |       ||   357
       Broad axe         |       |       |       |    11 |    26 |       |       ||    37
       Executioner's axe |       |       |       |       |   390 |   599 |    28 ||  1017
 Fire: Arbalest          |       |       |       |   108 |   181 |   429 |       ||   718
       Hand crossbow     |       |       |       |       |       |   191 |   117 ||   308
Throw: Dart              |     4 |       |       |     5 |       |       |       ||     9
       Javelin           |       |     8 |    14 |     6 |     4 |       |       ||    32
       Stone             |       |       |     1 |       |       |       |       ||     1
       Boomerang         |       |       |       |    21 |    17 |    42 |       ||    80
Invok: Berserk           |     1 |     2 |     3 |     6 |     6 |    12 |     2 ||    32
       Trog's Hand       |       |     2 |     6 |    19 |    24 |    19 |     4 ||    74
Evoke: Wand              |       |     2 |     5 |    23 |    16 |    34 |     1 ||    81
       Tin of tremorston |       |       |       |       |       |     4 |     2 ||     6
  Use: Scroll            |     2 |     2 |    11 |    12 |    11 |    17 |       ||    55
       Potion            |       |       |       |     1 |    11 |     8 |     1 ||    21
 Stab: Invisible         |       |     2 |       |     2 |     6 |    10 |       ||    20
       Betrayed ally     |       |       |       |     1 |     1 |       |       ||     2
       Distracted        |       |       |       |       |     2 |       |       ||     2
Armor: Animal skin       |     5 |       |       |       |       |       |       ||     5
       Chain mail        |    14 |    56 |       |       |       |       |       ||    70
       Plate armour      |       |     6 |   121 |   195 |   453 |   278 |       ||  1053
       Storm dragon scal |       |       |       |       |       |   227 |    45 ||   272
Dodge: Dodged            |    41 |    32 |    75 |   108 |   231 |   277 |    33 ||   797
Block: Other             |       |       |       |       |       |   160 |    12 ||   172
       Reflection        |       |       |       |       |       |    28 |     5 ||    33

Table legend: (Time is in decaauts)
 A = Elapsed time spent in this place.
 B = Non-inter-level travel time spent in this place.
 C = Inter-level travel time spent in this place.
 D = Time resting spent in this place.
 E = Time spent auto-exploring this place.
 F = Levels seen in this place.
 G = Mean time per level.
                   A        B        C        D        E       F      G
               +--------+--------+--------+--------+--------+-----+--------+
         Total |  51775 |  48948 |   2827 |  19553 |  20246 |  35 | 1479.3 |
       Dungeon |  14058 |  12864 |   1194 |   2129 |   8075 |  15 |  937.2 |
          Lair |   9441 |   8853 |    588 |   3566 |   3931 |   5 | 1888.2 |
        Shoals |   9029 |   8558 |    471 |   3122 |   4067 |   4 | 2257.2 |
     Snake Pit |  13382 |  13025 |    357 |   8865 |   2604 |   4 | 3345.5 |
  Orcish Mines |   2006 |   1809 |    197 |    518 |    412 |   2 | 1003.0 |
   Elven Halls |   2463 |   2445 |     18 |    890 |   1105 |   2 | 1231.5 |
       Ossuary |    308 |    308 |      0 |     44 |     26 |   1 |  308.0 |
        Bailey |    556 |    556 |      0 |    206 |     25 |   1 |  556.0 |
      Ice Cave |    527 |    527 |      0 |    211 |      0 |   1 |  527.0 |
               +--------+--------+--------+--------+--------+-----+--------+

Top non-repeatable levels by time:
 Snake:4: 7369 daAuts
  Lair:2: 3675 daAuts
 Snake:1: 2784 daAuts
Shoals:1: 2501 daAuts
Shoals:3: 2338 daAuts
Shoals:2: 2120 daAuts
Shoals:4: 2069 daAuts
 Snake:2: 1899 daAuts
  Lair:5: 1891 daAuts
  Lair:1: 1631 daAuts
   Elf:1: 1569 daAuts
    D:14: 1436 daAuts
    D:15: 1424 daAuts
   Orc:2: 1338 daAuts
 Snake:3: 1329 daAuts
